 Dungeon Crawl Stone Soup version 0.27.1-4-g1640c2035a (webtiles) character file.

Game seed: 10088230704974113480

7436 deusastra the Protected (level 10, -2/80 (93) HPs)
             Began as a Minotaur Fighter on Nov 17, 2021.
             Was a Believer of Uskayaw.
             Hit by a javelin thrown by Urug (14 damage)
             ... on level 10 of the Dungeon.
             The game lasted 00:53:16 (14633 turns).

deusastra the Protected (Minotaur Fighter)         Turns: 14633, Time: 00:53:17

HP:   -2/80 (93)    AC: 17    Str: 23    XL:     10   Next: 93%
MP:   9/9           EV:  6    Int:  5    God:    Uskayaw [**....]
Gold: 701           SH: 17    Dex: 11    Spells: 9/9 levels left

rFire    + + .     SeeInvis .   a - +0 war axe
rCold    + . .     Faith    .   c - +0 kite shield
rNeg     . . .     Spirit   .   J - +0 plate armour
rPois    +         Reflect  +   (helmet restricted)
rElec    +         Harm     .   (no cloak)
rCorr    +         Rampage  .   (no gloves)
Will     .....                  I - +0 pair of boots
Stlth    ..........             i - amulet of reflection
HPRegen  0.23/turn              M - ring of protection from fire
MPRegen  0.11/turn              (no ring)

@: resistant, heavily drained
A: horns 2, retaliatory headbutt
a: Renounce Religion, Stomp, Line Pass


You were on level 10 of the Dungeon.
You worshipped Uskayaw.
Uskayaw was noncommittal.
You visited 2 branches of the dungeon, and saw 12 of its levels.

You collected 701 gold pieces.

Inventory:

Hand Weapons
 a - a +0 war axe (weapon)
Missiles
 h - 355 stones
 x - 31 poisoned darts
 N - 8 silver javelins
Armour
 b - a +0 scale mail
 c - a +0 kite shield (worn)
 r - a +0 tower shield
 u - a +0 ring mail
 y - a +0 chain mail of poison resistance
 G - +0 acid dragon scales
 I - a +0 pair of boots (worn)
 J - a +0 plate armour (worn)
Jewellery
 d - an amulet of regeneration
 i - an amulet of reflection (around neck)
 M - a ring of protection from fire (left hand)
Wands
 o - a wand of flame (47) (quivered)
 z - a wand of iceblast (29)
 E - a wand of polymorph (9)
 F - a wand of mindburst (8)
 K - a wand of acid (2)
Scrolls
 f - 3 scrolls of fear {unknown}
 g - 4 scrolls of identify
 j - 4 scrolls of magic mapping
 k - 3 scrolls of holy word {unknown}
 l - 4 scrolls of amnesia
 p - 2 scrolls of teleportation {unknown}
 t - a scroll of enchant weapon {unknown}
 A - a scroll of immolation {unknown}
 B - 2 scrolls of enchant armour {unknown}
 C - a scroll of fog {unknown}
 D - a scroll of torment {unknown}
 L - a scroll of vulnerability {unknown}
Potions
 e - 2 potions of resistance
 m - 3 potions of heal wounds {unknown}
 n - 3 potions of invisibility
 q - 3 potions of brilliance {unknown}
 s - 4 potions of curing
 v - a potion of attraction {unknown}
 w - 2 potions of ambrosia {unknown}
 H - a potion of flight {unknown}


   Skills:
 * Level 10.3 Fighting
 * Level 10.3 Axes
 * Level 12.0 Armour
 + Level 9.4 Shields


You had 9 spell levels left.
You didn't know any spells.
Your spell library contained the following spells:

 Spells                   Type           Power      Damage    Failure   Level
 Magic Dart               Conj           0%         1d3       100%        1
 Blink                    Tloc           N/A        N/A       100%        2
 Call Imp                 Summ           0%         N/A       100%        2
 Ensorcelled Hibernation  Hex/Ice        0%         N/A       100%        2
 Mephitic Cloud           Conj/Pois/Air  0%         N/A       100%        3
 Spider Form              Tmut/Pois      0%         N/A       100%        3
 Manifold Assault         Tloc           0%         N/A       100%        5
 Shadow Creatures         Summ           N/A        N/A       100%        6
 Storm Form               Tmut/Air       0%         N/A       100%        7


Dungeon Overview and Level Annotations

Branches:
Dungeon (10/15)            Temple (0/1) D:4            Lair (0/6) D:10
    Orc (2/2) D:9
    Elf: Orc:2

Altars:
Ashenzari
Elyvilon
Kikubaaqudgha
Makhleb
Uskayaw
Vehumet
Wu Jian
Xom

Annotations:
D:10 Urug


Innate Abilities, Weirdness & Mutations

You have a pair of horns on your head.
You reflexively headbutt those who attack you in melee.


Message History

Urug hits you but does no damage.
You feel drained.
You hit Urug.
Urug is heavily wounded.
Urug hits you but does no damage.
You feel drained.
Your shield and plate armour prevent you from hitting Urug.
Urug is heavily wounded.
Urug squints and screams, "A harpy?
Time to die, you blasted buzzard!"
Urug hits you with a +1 war axe of draining.
You feel drained.
Your plate armour prevents you from hitting Urug.
Your headbutt misses Urug.
Urug is heavily wounded.
Urug screams, "I'm goin' to kill you!
Now!"
You block Urug's attack.
You hit Urug but do no damage.
Urug is heavily wounded.
Urug hits you with a +1 war axe of draining!
You feel drained.
Urug hits you with a +1 war axe of draining.
You feel drained.
You closely miss Urug.
Urug is heavily wounded.
You block Urug's attack.
You slash Urug! You headbutt Urug.
Urug is severely wounded.
Urug hits you with a +1 war axe of draining!!
You feel drained.
* * * LOW HITPOINT WARNING * * *
You hit Urug.
Urug is severely wounded.
Urug hits you with a +1 war axe of draining.
* * * LOW HITPOINT WARNING * * *
You feel drained.
Urug is no longer covered in acid.
Urug throws a javelin.
The javelin pierces through you!
* * * LOW HITPOINT WARNING * * *
It was a potion of resistance.
You feel protected.
Urug throws a javelin.
The javelin pierces through you!
You die...

#.# #####.##### ##.## #.# #..#
#.# ###.### #.## #.# #.....####
#.# ##'## #.###.##.## #.# ##...##
#.# #.....# #.### ##.....##
#.###....## #.#.## #.......#
#.....##.#######....####.........
.........(....o.@......'.........
##....##.#######....####.........
#.#.#...# #.#.## ##.......#
#.......# #.### ##.....##
#####.### #.# ##...## #.# #.#
##'# #.# #.# #. #.# #.# #.# #.#
#.# #### ##.##


You could see Urug.

Vanquished Creatures
  A two-headed ogre (D:7)
  Pikel (D:8)
  2 trolls
  A hornet (D:8)
  A vampire (D:9)
  5 wraiths (D:10)
  11 yaks
  2 wyverns (D:8)
  An acid dragon (D:8)
  3 water moccasins
  2 orc warriors
  A sky beast (D:5)
  A hornet zombie (D:7)
  An ice beast (D:7)
  A black bear (D:7)
  3 lemures
  7 centaurs
  A kobold brigand (D:6)
  Blork the orc (D:6)
  A wyvern zombie (D:8)
  2 scorpions
  A water moccasin skeleton (D:4)
  8 killer bees (D:9)
  A vampire bat (D:4)
  3 howler monkeys
  2 centaur zombies (D:8)
  An orc priest (D:3)
  3 hounds
  2 centaur skeletons
  An iguana (D:5)
  Natasha (twice) (D:4)
  12 gnolls
  2 adders
  A shadow imp (D:5)
  An ufetubus (D:6)
  2 worms
  4 dart slugs
  3 fire bats (D:4)
  13 orcs
  2 spectral bats (D:4)
  12 bats
  3 bat skeletons (D:4)
  A bat zombie (D:4)
  6 endoplasms
  3 giant cockroaches
  6 goblins
  7 hobgoblins
  3 jackals (D:1)
  9 ball pythons
  A bat simulacrum (D:4)
  3 frilled lizards
  9 kobolds
  2 rats
178 creatures vanquished.

Vanquished Creatures (others)
  A human (D:6)
  A kobold (D:9)
2 creatures vanquished.

Grand Total: 180 creatures vanquished

Notes
Turn   | Place    | Note
-------+----------+-------------------------------------------
     0 | D:1      | deusastra the Minotaur Fighter began the quest for the Orb.
     0 | D:1      | Reached XP level 1. HP: 19/19 MP: 0/0
   371 | D:1      | Reached XP level 2. HP: 22/27 MP: 1/1
   398 | D:1      | Reached skill level 4 in Armour
  1165 | D:2      | Reached XP level 3. HP: 33/33 MP: 2/2
  2258 | D:3      | Reached XP level 4. HP: 36/41 MP: 3/3
  2817 | D:3      | Found a faded altar of an unknown god.
  2876 | D:4      | Found a hide-covered altar of Uskayaw.
  2908 | D:4      | Found a broken altar of Ashenzari.
  2939 | D:4      | Became a worshipper of Uskayaw the Reveller
  2953 | D:4      | Reached * piety under Uskayaw
  2954 | D:4      | Reached XP level 5. HP: 45/47 MP: 4/4
  2974 | D:4      | Noticed Natasha
  3180 | D:4      | Killed Natasha
  3180 | D:4      | Reached ** piety under Uskayaw
  3181 | D:4      | Reached skill level 5 in Fighting
  3181 | D:4      | Reached skill level 5 in Armour
  3491 | D:4      | Reached XP level 6. HP: 52/56 MP: 5/5
  3626 | D:4      | Found a staircase to the Ecumenical Temple.
  3864 | D:4      | Noticed Natasha
  3878 | D:4      | Killed Natasha
  4203 | D:4      | Reached *** piety under Uskayaw
  4206 | D:4      | Reached **** piety under Uskayaw
  4343 | D:4      | Reached skill level 5 in Axes
  4458 | D:5      | Entered Level 5 of the Dungeon
  4609 | D:5      | Noticed a sky beast
  4990 | D:5      | Reached skill level 6 in Armour
  4990 | D:5      | Reached skill level 5 in Shields
  4990 | D:5      | Reached XP level 7. HP: 62/63 MP: 6/6
  5171 | D:5      | Noticed a yak
  5171 | D:5      | Noticed a yak
  5171 | D:5      | Noticed a yak
  5171 | D:5      | Noticed a yak
  5171 | D:5      | Noticed a yak
  5171 | D:5      | Noticed a yak
  5247 | D:4      | Killed a yak
  5429 | D:6      | Found a white marble altar of Elyvilon.
  5571 | D:6      | Found an ancient bone altar of Kikubaaqudgha.
  5571 | D:6      | Noticed a human
  5574 | D:6      | Killed a human
  5795 | D:6      | Found a radiant altar of Vehumet.
  5955 | D:6      | Noticed Blork the orc
  5968 | D:6      | Killed Blork the orc
  6323 | D:5      | Reached skill level 7 in Armour
  6323 | D:5      | Reached XP level 8. HP: 34/71 MP: 7/7
  7434 | D:4      | Reached ***** piety under Uskayaw
  7435 | D:4      | Reached skill level 8 in Armour
  8187 | D:7      | Found a burning altar of Makhleb.
  8459 | D:7      | Found an ornate altar of the Wu Jian Council.
  8634 | D:7      | Reached XP level 9. HP: 73/82 MP: 8/8
  9814 | D:7      | Reached skill level 9 in Armour
 10076 | D:8      | Paralysed by a hornet for 1 turns
 10089 | D:8      | Paralysed by a hornet for 3 turns
 10101 | D:8      | Noticed Pikel
 10357 | D:8      | Killed Pikel
 10519 | D:8      | Noticed a two-headed ogre
 10533 | D:8      | Reached XP level 10. HP: 63/93 MP: 9/9
 10599 | D:7      | Killed a two-headed ogre
 10600 | D:7      | Reached skill level 10 in Fighting
 10600 | D:7      | Reached skill level 10 in Armour
 11054 | D:9      | Found a staircase to the Orcish Mines.
 11285 | D:9      | Reached skill level 10 in Axes
 11355 | D:9      | Reached skill level 11 in Armour
 12128 | D:9      | Found a shimmering altar of Xom.
 12891 | D:10     | Entered Level 10 of the Dungeon
 13327 | Orc:1    | Entered Level 1 of the Orcish Mines
 13511 | Orc:2    | Entered Level 2 of the Orcish Mines
 13513 | Orc:2    | Noticed an orc knight
 13602 | D:10     | Noticed Urug
 14293 | D:10     | Reached skill level 12 in Armour
 14529 | D:10     | Noticed Josephine
 14581 | D:10     | Found a staircase to the Lair.
 14633 | D:10     | Hit by a javelin thrown by Urug

Illustrated notes

Levels and vault maps discovered:
D:1:      kilobyte_arrival_exit_the_forest, layout_loops_ring,
          minmay_tromino_v4_c
D:2:      layout_loops_cross, minmay_misc_feat_pillars, lemuel_flame_loot_1
D:3:      layout_basic, ebering_ecumenical_altar_abandoned
D:4:      layout_basic, mainiacjoe_overflow_catwalk,
          cheibrodos_ashenzari_chains, temple_pool_b, serial_co_window_serial,
          co_window_paths_a, co_window_paths_b, co_window_paths_a,
          co_window_of_opportunity_a, co_window_of_opportunity_a,
          co_window_unsneaky_path_a, co_window_paths_c, co_window_corner_b,
          co_window_paths_d, st_stairs_5, goddamned_bats, uniq_natasha
D:5:      layout_basic, kennysheep_generic_room_16
D:6:      layout_rooms, tgw_kikubaaqudgha, mainiacjoe_overflow_paths,
          elyvilon_altar_5, uniq_blork_the_orc
D:7:      layout_basic, mainiacjoe_overflow_two_lobes
D:8:      layout_rooms, minmay_puff, uniq_pikel
D:9:      layout_cave_pods, tgw_xom, hangedman_abyss_or_decor_passed,
          chequers_decorated_corner, solitary_fountain, minmay_misc_feat_cross
D:10:     layout_loops_corners, lair_entry_dummy, corexii_hall_statues_x,
          uniq_urug, uniq_josephine
Orc:1:    layout_diamond_mine, uniq_erica
Orc:2:    st_orc_mages, layout_caves, serial_shops, nicolae_shop_trees

Skill      XL: |  1  2  3  4  5  6  7  8  9 10 |
---------------+-------------------------------+-----
Armour         | 4 5 6 7 8 9 12 | 12.0
Fighting       | 4 5 6 8 9 10 | 10.3
Axes           | 3 4 5 6 7 9 10 | 10.3
Shields        | 4 5 6 7 9 |  9.4

Action                   |  1- 3 |  4- 6 |  7- 9 | 10-12 || total
-------------------------+-------+-------+-------+-------++-------
Melee: War axe           |   109 |   114 |   236 |   192 ||   651
       Headbutt          |    15 |    16 |    57 |    41 ||   129
Throw: Stone             |       |     2 |     7 |       ||     9
       Dart              |       |       |    12 |    14 ||    26
Invok: Stomp             |       |       |       |     3 ||     3
Evoke: Wand              |       |       |       |     4 ||     4
  Use: Scroll            |       |       |     2 |       ||     2
       Potion            |       |       |     1 |     4 ||     5
 Stab: Paralysed         |       |     1 |     6 |     4 ||    11
Armor: Scale mail        |    38 |    19 |       |       ||    57
       Ring mail         |       |    29 |     5 |       ||    34
       Chain mail        |       |       |    82 |     1 ||    83
       Acid dragon scale |       |       |       |    41 ||    41
       Plate armour      |       |       |       |    23 ||    23
Dodge: Dodged            |    29 |    33 |    41 |    51 ||   154
Block: Kite shield       |    78 |   117 |   212 |   198 ||   605
       Reflection        |       |       |     7 |     7 ||    14
